 Dungeon Crawl Stone Soup version 0.30-a0-986-g7f2e898f52 (webtiles) character file.

Game seed: 7586064579232767783

42 Gynju the Covered (level 3, -4/33 HPs)
             Began as a Minotaur Fighter on Apr 2, 2023.
             Slain by Duvessa
             ... wielding a +0 short sword of speed
              (8 damage)
             ... on level 4 of the Dungeon.
             The game lasted 00:02:00 (1079 turns).

Gynju the Covered (Minotaur Fighter)                Turns: 1079, Time: 00:02:01

Health: -4/33      AC:  9    Str: 22    XL:     3   Next: 33%
Magic:  2/2        EV:  9    Int:  5    God:
Gold:   52         SH:  4    Dex:  9    Spells: 2/2 levels left

rFire   + + .      SeeInvis .    a - +0 trident
rCold   x . .      Faith    .    c - +0 buckler
rNeg    . . .      Spirit   .    p - +0 fire dragon scales
rPois   .          Reflect  .    (helmet restricted)
rElec   .          Rampage  .    (no cloak)
rCorr   .                        (no gloves)
Will    .....                    (no boots) Stlth
                                 (no amulet)
HPRegen 0.25/turn                f - ring of flight
MPRegen 0.08/turn                (no ring)

@: flying
A: horns 2, retaliatory headbutt
a: no special abilities


You were on level 4 of the Dungeon.
You visited 1 branch of the dungeon, and saw 3 of its levels.

You collected 52 gold pieces.

Inventory:

Hand Weapons
 a - a +0 trident (weapon)
Armour
 b - a +0 scale mail
 c - a +0 buckler (worn)
 p - +0 fire dragon scales (worn)
Jewellery
 f - a ring of flight (left hand)
Scrolls
 e - a scroll of amnesia {unknown}
 h - a scroll of silence {unknown}
 i - 2 scrolls of vulnerability {unknown}
 k - a scroll of fog {unknown}
 l - 2 scrolls of teleportation {unknown}
 m - 2 scrolls of identify {unknown}
 n - a scroll of blinking {unknown}
 o - a scroll of brand weapon {unknown}
 q - a scroll of summoning {unknown}
Potions
 d - 3 potions of might
 g - a potion of attraction {unknown}
 j - a potion of haste {unknown}


   Skills:
 + Level 4.1 Fighting
 + Level 3.1 Polearms
 + Level 4.1 Armour
 + Level 4.1 Shields


You had 2 spell levels left.
You didn't know any spells.
Your spell library was empty.

Dungeon Overview and Level Annotations

Branches:
Dungeon (2/15)

Altars:

Annotations:
D:4 Dowan, Duvessa, Eustachio


Innate Abilities, Weirdness & Mutations

You have a pair of horns on your head.
You reflexively headbutt those who attack you in melee.


Message History

You hear a shout! x2
You feel sick. The howler monkey hits you.
* * * LOW HITPOINT WARNING * * *
You feel sick.
You feel sick.
You are no longer poisoned.
Eustachio mumbles some strange words.
The howler monkey hits you but does no damage.
The howler monkey hoots and howls with incredible vigour!
Duvessa, Sister of Dowan comes into view.
She is wielding a +0 short sword of speed.
Dowan, Brother of Duvessa comes into view.
He is wielding a +0 dagger and wearing a +2 robe of the Archmagi.
You see here a +0 club.
The howler monkey attacks as you move away!
The howler monkey hits you but does no damage.
You hear the hiss of a very distant avalanche of sand.
The howler monkey hoots and howls with incredible vigour!
Duvessa says, "My weaknesses are his strengths!"
Eustachio mumbles some strange words.
You hear a shout!
Eustachio mumbles some strange words.
Eustachio blinks!
The howler monkey hits you but does no damage.
Dowan casts a spell at you.
The puff of flame hits you but does no damage.
You resist.
The howler monkey attacks as you move away!
The howler monkey hits you but does no damage.
Dowan points at you and mumbles some strange words.
The puff of flame hits you. You resist.
* * * LOW HITPOINT WARNING * * *
A hobgoblin comes into view.
Duvessa hits you with a +0 short sword of speed.
* * * LOW HITPOINT WARNING * * *
Eustachio mumbles some strange words.
Eustachio blinks!
The howler monkey hits you but does no damage.
A kobold comes into view. It is wielding a +0 whip.
Duvessa attacks as you move away!
Duvessa hits you with a +0 short sword of speed!
You die...

##..##....†........
..............K....
..................##
.........K.........
.......>........g#
............5....#
......)..........#
..............eh.####
.............g.e@...#
)...#..........####...#
...############# ...
#### .


You could see Duvessa, Dowan, a howler monkey, a quasit (summoned), a hobgoblin,
a goblin and 2 kobolds.

Vanquished Creatures
  An adder (D:4)
  3 dart slugs
  2 giant cockroaches
  2 goblins (D:1)
  5 hobgoblins
  2 quokkas (D:1)
  4 ball pythons
  A frilled lizard (D:1)
  A kobold (D:1)
  4 rats
25 creatures vanquished.

Notes
Turn   | Place    | Note
-------+----------+-------------------------------------------
     0 | D:1      | Gynju the Minotaur Fighter began the quest for the Orb.
     0 | D:1      | Reached XP level 1. HP: 19/19 MP: 0/0
   239 | D:1      | Reached XP level 2. HP: 27/27 MP: 1/1
   924 | D:2      | You are sucked into a shaft and drop 2 floors!
   977 | D:4      | Reached XP level 3. HP: 33/33 MP: 2/2
  1047 | D:4      | Noticed Eustachio
  1067 | D:4      | Noticed Duvessa
  1067 | D:4      | Noticed Dowan
  1079 | D:4      | Slain by Duvessa

Illustrated notes

Levels and vault maps discovered:
D:1:      dpeg_arrival_rhombi, layout_basic
D:2:      kennysheep_six_static_rooms, layout_loops_ring, uniq_natasha
D:4:      layout_rooms, overflow_temple_1_default, marbit_many_paths,
          nicolae_ossuary_entry_catacombs, uniq_duvessa, uniq_eustachio

Skill      XL: |  1  2 |
---------------+-------+-----
Armour         | 4 |  4.1
Shields        | 4 |  4.1
Fighting       | 4 |  4.1
Polearms       | 3 |  3.1

Action                     || total
---------------------------++-------
  Melee: Trident           ||    61
         Headbutt          ||     4
 Armour: Scale mail        ||     9
         Fire dragon scale ||    12
  Dodge: Dodged            ||    22
  Block: Buckler           ||     6

Table legend: (Time is in decaauts)
 A = Elapsed time spent in this place.
 B = Non-inter-level travel time spent in this place.
 C = Inter-level travel time spent in this place.
 D = Time resting spent in this place.
 E = Time spent auto-exploring this place.
 F = Levels seen in this place.
 G = Mean time per level.
                   A        B        C        D        E       F      G
               +--------+--------+--------+--------+--------+-----+--------+
         Total |   1090 |   1036 |     54 |      0 |    839 |   3 |  363.3 |
       Dungeon |   1090 |   1036 |     54 |      0 |    839 |   3 |  363.3 |
               +--------+--------+--------+--------+--------+-----+--------+

Top non-repeatable levels by time:
     D:1: 876 daAuts
     D:4: 158 daAuts
     D:2: 56 daAuts
